 Dungeon Crawl Stone Soup version bcrawl-1.37.2 (webtiles) character file.

Game seed: 8487515496170812124

118465 Leeroy the Slasher (level 5, 0/38 HPs)
             Began as a Vampire Skald on Jan 31, 2023.
             Slain by a worker ant (3 damage)
             ... on level 5 of the Dungeon.
             The game lasted 00:03:27 (3914 turns).

Leeroy the Slasher (Vampire Skald)                  Turns: 3914, Time: 00:03:27

Health: 0/38       AC:  6    Str: 14    XL:     5   Next: 57%
Magic:  8/8        EV: 12    Int: 13    God:
Gold:   155        SH:  2    Dex: 14    Spells: 7/8 levels left

rFire    + . .     GDR:     26% a - +0 long sword
rCold    x . .     SeeInvis +   (no shield)
rNeg     + . .     Gourm    .   b - +0 leather armour
rPois    .         Faith    .   (no helmet)
rElec    .         Spirit   .   r - +2 cloak
rCorr    .         Reflect  .   (no gloves)
MR       .....                  (no boots)
Stlth    ++++......             d - amulet of magic regeneration
HPRegen  0.16/turn              f - ring of stealth
MPRegen  0.23/turn              h - ring of fire

@: lethally poisoned (0 -> -3)
A: claws 1, fangs 3, see invisible, unbreathing
a: no special abilities


You were on level 5 of the Dungeon.
You were not thirsty.

You visited 1 branch of the dungeon, and saw 5 of its levels.

You collected 155 gold pieces.

Inventory:

Hand Weapons
 a - a +0 long sword (weapon)
 i - a +0 blowgun
Missiles
 n - 165 poisoned needles
Armour
 b - a +0 leather armour (worn)
 k - a cursed +0 pair of gloves
 m - a +0 cloak
 r - a +2 cloak (worn)
Jewellery
 d - an amulet of magic regeneration (around neck)
 f - a ring of stealth (left claw)
 h - a ring of fire (right claw)
 s - an uncursed ring of insulation
 y - a cursed amulet of the acrobat {unknown}
Scrolls
 c - 4 scrolls of remove curse
 e - a scroll of fear
 l - 2 scrolls of teleportation
 p - a scroll of fog {unknown}
 A - a scroll of vulnerability {unknown}
 C - a scroll of magic mapping {unknown}
Potions
 g - 4 potions of curing {unknown}
 j - 3 potions of berserk rage {unknown}
 o - 2 potions of ambrosia {unknown}
 q - 5 potions of blood
 t - a potion of cancellation {unknown}
 u - a potion of haste {unknown}
 v - a potion of magic {unknown}
 w - a potion of might {unknown}
 x - 3 potions of lignification {unknown}
 z - a potion of heal wounds {unknown}
 B - a potion of degeneration {unknown}


   Skills:
 - Level 1.7 Fighting
 + Level 6.6 Long Blades
 - Level 0.8 Armour
 - Level 2.1 Dodging
 - Level 2.0 Spellcasting
 - Level 4.1 Charms


You had 7 spell levels left.
You knew the following spells:

 Your Spells              Type           Power        Failure   Level  Hunger
a - Infusion              Chrm           ##......     6%          1    None

Your spell library contained the following spells:

 Spells                   Type           Power        Failure   Level  Hunger
 Song of Slaying          Chrm           ##......     9%          2    ##.....
 Swiftness                Chrm/Air       #.......     21%         2    ##.....
 Apportation              Tloc           #.....       30%         1    None
 Corona                   Hex            #......      30%         1    None
 Sandblast                Erth           #.....       30%         1    None
 Slow                     Hex            #.......     30%         1    None
 Summon Butterflies       Summ           #.......     30%         1    None
 Ozocubu's Armour         Chrm/Ice       #.......     38%         3    ####...
 Regeneration             Chrm/Necr      #.........   38%         3    ####...
 Spectral Weapon          Hex/Chrm       #.......     38%         3    ####...


Dungeon Overview and Level Annotations

Branches:
Dungeon (5/12)
 Temple: D:4-7

Altars:

Annotations:
D:2 1 runed door
D:3 3 runed translucent doors, SansUndertale's ghost, amateur NaAc
D:4 2 transporters, Coyote68's ghost, amateur DgFi


Innate Abilities, Weirdness & Mutations

You have sharp fingernails.
You have razor-sharp teeth.
You have supernaturally acute eyesight. (SInv)
You can survive without breathing.


Message History

The adder bites you but does no damage. The worker ant barely misses you.
The adder bites you but does no damage.
There is an open door here.
You're too thirsty to transform right now.
Unknown command.
Okay, then.
You're too thirsty to transform right now.
Unknown command.
Yummy - fresh blood!
You are feeling thirsty.
You hear a grinding noise.
The adder barely misses you.
Yummy - fresh blood!
The worker ant bites you.
* * * LOW HITPOINT WARNING * * *
You are poisoned.
The worker ant poisons you! The adder barely misses you.
Yummy - fresh blood!
You feel sick. The worker ant bites you.
* * * LOW HITPOINT WARNING * * *
The adder bites you but does no damage. The worker ant bites you.
You die...

...........#..# ...........#..#
...........#..# ......#
..............# .# ......#
#######.#.#)### .# ......#
..............##.### ......#
.........###..#....## ......#
.........###.........
......##########@##...........
#....#........aS##.#.........
#....'.......................
#....#.........%....#(##+#####
#....#..............#.........
#######..............##...######
.......).............##.........
.^.............#...#####..#######
..............####.....)<.###...#


You could see a worker ant and an adder.

Vanquished Creatures
  A centaur (D:5)
  A worker ant (D:4)
  A hound skeleton (D:4)
  A gnoll (D:4)
  7 adders
  3 worms (D:2)
  3 leopard geckos
  An orc (D:4)
  4 goblins
  A hobgoblin (D:2)
  4 quokkas
  3 bats (D:1)
  4 frilled lizards
  5 kobolds
  4 rats
43 creatures vanquished.

Notes
Turn   | Place    | Note
-------+----------+-------------------------------------------
     0 | D:1      | Leeroy the Vampire Skald began the quest for the Orb.
     0 | D:1      | Reached XP level 1. HP: 16/16 MP: 3/3
   181 | D:1      | Reached XP level 2. HP: 22/22 MP: 5/5
  1163 | D:2      | Reached skill level 3 in Long Blades
  1854 | D:2      | Found a runed door.
  2067 | D:3      | Found a runed translucent gate.
  2068 | D:3      | Found a runed translucent gate.
  2073 | D:3      | Reached XP level 3. HP: 27/27 MP: 6/6
  2499 | D:3      | Reached skill level 4 in Long Blades
  2775 | D:3      | Found a runed translucent gate.
  2777 | D:3      | Noticed SansUndertale's ghost (amateur NaAc)
  3065 | D:4      | Noticed Coyote68's ghost (amateur DgFi)
  3066 | D:4      | Found a transporter.
  3076 | D:4      | Found a transporter.
  3091 | D:4      | Reached XP level 4. HP: 31/33 MP: 7/7
  3347 | D:4      | Reached skill level 5 in Long Blades
  3570 | D:4      | Reached XP level 5. HP: 25/38 MP: 8/8
  3757 | D:5      | Entered Level 5 of the Dungeon
  3787 | D:5      | Reached skill level 6 in Long Blades
  3836 | D:5      | Noticed a phantom
  3914 | D:5      | Slain by a worker ant

Skill      XL: |  1  2  3  4  5 |
---------------+----------------+-----
Long Blades    | 3 4 5 6 |  6.6
Charms         | 4 |  4.1
Fighting       | |  1.7
Armour         | |  0.8
Dodging        | |  2.1
Spellcasting   | |  2.0

Action                   |  1- 3 |  4- 6 || total
-------------------------+-------+-------++-------
Melee: Long sword        |   110 |    60 ||   170
       Bite              |    11 |     9 ||    20
  Use: Scroll            |     3 |       ||     3
       Potion            |       |     3 ||     3
 Stab: Sleeping          |    13 |     5 ||    18
       Distracted        |       |     1 ||     1
  Eat: Corpse            |     2 |     1 ||     3
Armor: Leather armour    |    13 |    17 ||    30
Dodge: Dodged            |    62 |    33 ||    95
Block: Other             |       |     4 ||     4
